 Dungeon Crawl Stone Soup version 0.14-a0-2950-gbe29d66 (webtiles) character file.

658 JEFFREY the Slasher (level 6, -4/51 HPs)
             Began as a Demigod Fighter on Mar 4, 2014.
             Killed by divine providence
             ... invoked by an orc priest
              (8 damage)
             ... on Level 3 of the Dungeon.
             The game lasted 00:10:36 (2306 turns).

JEFFREY the Slasher (Demigod Fighter)               Turns: 2306, Time: 00:10:37

HP  -4/51        AC  6     Str 22      XL: 6   Next: 41%
MP  19/19        EV  6     Int 14      God:
Gold 219         SH 20     Dex 15      Spells:  0 memorised,  5 levels left

rFire  . . .     SeeInvis .     a - +0 falchion
rCold  . . .     Clarity  .     b - +0 scale mail
rNeg   . . .     Conserve .     c - +0 shield
rPois  .         rCorr    .     (no helmet)
rElec  .         rRot     .     (no cloak)
SustAb . .       Spirit   .     (no gloves)
rMut   .         Warding  .     (no boots)
Saprov . . .     Stasis   .     (no amulet)
MR     .....                    (no ring)
                                k - cursed ring of magical power

@: not resistant to hostile enchantments, extremely unstealthy
A: no striking features
a: no special abilities


You were on level 3 of the Dungeon.
You were not hungry.

You visited 1 branch of the dungeon, and saw 3 of its levels.

You collected 219 gold pieces.

Inventory:

Hand weapons
 a - a +0,+0 falchion (weapon)
Armour
 b - a +0 scale mail (worn)
 c - a +0 shield (worn)
Magical devices
 o - a wand of confusion (10) {unknown}
Comestibles
 d - 3 bread rations
 f - a chunk of goblin flesh
Scrolls
 i - a scroll of noise {unknown}
 j - 2 scrolls of blinking {unknown}
 l - 3 scrolls of identify {unknown}
 m - a scroll of enchant weapon II {unknown}
 p - 3 scrolls of fog {unknown}
 q - a scroll of recharging {unknown}
 r - a scroll of magic mapping {unknown}
Jewellery
 k - a cursed ring of magical power (left hand)
Potions
 e - a potion of might


   Skills:
 + Level 3.3 Fighting
 + Level 5.7 Long Blades
 + Level 3.2 Armour
 + Level 3.3 Shields


You had 5 spell levels left.
You didn't know any spells.

Dungeon Overview and Level Annotations

Branches:
Dungeon (3/16)


Message History

The orc priest is lightly wounded.
The orc priest mumbles some strange prayers to Beogh against you.
Something smites you!
Your shield and scale mail prevent you from hitting the orc priest.
The orc priest is lightly wounded.
The orc priest hits you but does no damage.
Your shield and scale mail prevent you from hitting the orc priest.
The orc priest hits you but does no damage.
You block the orc priest's attack.
You barely miss the orc priest.
The orc priest mumbles some strange prayers to Beogh against you.
Something smites you!
* * * LOW HITPOINT WARNING * * *
You hit the orc priest.
The orc priest is moderately wounded.
The orc priest's eyes start to glow.
You block the orc priest's attack.
The orc priest calls down the wrath of Beogh upon you.
Something smites you!
You die...

### ..# #%######
#......#
##########..#
.....ooo@...#
##########.>###.#
#####......#
#...)....###
#.###.#..#
######.###.#...#
#...............(
#.####.###.#...##
#.# #.# #.?....


You could see 2 orc priests and an orc.

Vanquished Creatures
  3 big kobolds (D:3)
  A crimson imp (D:3)
  3 adders
  6 gnolls
  2 giant geckos (D:2)
  2 oozes
  5 orcs (D:3)
  5 giant cockroaches
  6 hobgoblins
  4 jackals (D:3)
  3 ball pythons
  11 bats
  3 giant newts
  5 goblins
  44 kobolds
  2 quokkas (D:2)
  4 rats
109 creatures vanquished.

Notes
Turn   | Place    | Note
--------------------------------------------------------------
     0 | D:1      | JEFFREY, the Demigod Fighter, began the quest for the Orb.
     0 | D:1      | Reached XP level 1. HP: 18/18 MP: 2/2
   211 | D:1      | Reached XP level 2. HP: 23/25 MP: 3/3
   274 | D:1      | Reached skill level 3 in Long Blades
   589 | D:2      | Reached XP level 3. HP: 30/30 MP: 5/5
  1057 | D:2      | Found a radiant altar of Vehumet.
  1209 | D:3      | Reached skill level 4 in Long Blades
  1209 | D:3      | Reached XP level 4. HP: 34/37 MP: 7/7
  1549 | D:3      | Noticed a big kobold
  1563 | D:3      | Killed a big kobold
  1563 | D:3      | Reached skill level 5 in Long Blades
  1563 | D:3      | Reached XP level 5. HP: 24/42 MP: 8/8
  1918 | D:3      | Noticed a big kobold
  1952 | D:3      | Killed a big kobold
  1952 | D:3      | Reached XP level 6. HP: 28/51 MP: 10/10
  1967 | D:3      | Noticed a big kobold
  1990 | D:3      | Killed a big kobold
  2306 | D:3      | Killed from afar by an orc priest

Action                   |  1- 3 |  4- 6 || total
-------------------------+-------+-------++-------
Melee: Falchion          |   169 |   294 ||   463
  Use: Potion            |       |     5 ||     5
